 Dungeon Crawl Stone Soup version 0.26.1-2-gb8aa6d0cf2 (webtiles) character file.

Game seed: 12756968999165179247

65 Majorwet the Ruffian (level 3, -3/29 HPs)
             Began as a Demonspawn Chaos Knight on Feb 12, 2021.
             Was a Plaything of Xom.
             Slain by Sigmund
             ... wielding a +0 scythe
              (13 damage)
             ... on level 2 of the Dungeon.
             The game lasted 00:03:29 (1368 turns).

Majorwet the Ruffian (Demonspawn Chaos Knight)      Turns: 1368, Time: 00:03:30

Health: -3/29      AC:  6    Str: 13    XL:     3   Next: 94%
Magic:  3/3        EV: 11    Int:  9    God:    Xom [...*..]
Gold:   108        SH:  0    Dex: 12    Spells: 2/2 levels left

rFire    . . .     SeeInvis .     - Unarmed
rCold    . . .     Faith    .   (no shield)
rNeg     . . .     Spirit   .   a - +2 leather armour
rPois    .         Reflect  .   d - +0 helmet
rElec    .         Harm     .   (no cloak)
rCorr    .         Rampage  .   (no gloves)
Will     .....                  (no boots)
Stlth    +.........             g - amulet of regeneration
HPRegen  0.49/turn              j - -4 ring of intelligence (curse)
MPRegen  0.08/turn              (no ring)

@: no status effects
A: talons 1
a: Renounce Religion


You were on level 2 of the Dungeon.
You worshipped Xom.
You were a favourite toy of Xom.
You visited 1 branch of the dungeon, and saw 2 of its levels.

You collected 108 gold pieces.

Inventory:

Armour
 a - a +2 leather armour (worn)
 d - a +0 helmet (worn)
Jewellery
 g - an amulet of regeneration (around neck)
 j - a cursed -4 ring of intelligence (left hand)
Scrolls
 c - a scroll of fog {unknown}
 e - 3 scrolls of identify {unknown}
 i - a scroll of enchant weapon {unknown}
 k - 2 scrolls of magic mapping {unknown}
Potions
 b - a potion of degeneration {unknown}
 f - a potion of might {unknown}
 h - 2 potions of haste {unknown}


   Skills:
 * Level 3.5 Fighting
 + Level 2.0 Armour
 + Level 0.9 Dodging
 + Level 0.6 Stealth
 * Level 3.7 Unarmed Combat


You had 2 spell levels left.
You didn't know any spells.
Your spell library was empty.

Dungeon Overview and Level Annotations

Branches:
Dungeon (2/15)

Altars:
Xom

Annotations:
D:2 Sigmund


Innate Abilities, Weirdness & Mutations

You have sharp toenails.


Message History

No target in view!
No target in view!
No target in view!
No target in view!
No target in view!
No target in view!
No target in view!
No target in view!
Unknown command.
There is a strange disturbance nearby!
No target in view!
No target in view!
You hear a zap.
A puff of flame appears from out of thin air!
The puff of flame hits you!
You hit something but do no damage. You claw something. Something hits you.
You barely miss something. Your kick misses something. Something hits you.
You punch something! You hit something. Something hits you!
You die...

#..(........#
#...........#
#...†......_#
###.##......#
#..######.#
##(## #.#
#..#
#.#######
##.#
#.......# #.#
#..@{...# #.#
#.......# #.#
#..........
#.#
#.#########
#.# #.# #.##
#.# #..# #.
##.## #..##


There were no monsters in sight!

Vanquished Creatures
  An adder (D:2)
  An ufetubus (D:2)
  An ooze (D:1)
  A worm (D:2)
  5 dart slugs (D:1)
  A giant cockroach (D:1)
  2 goblins (D:1)
  5 hobgoblins
  7 jackals
  A quokka (D:2)
  3 bats
  A frilled lizard (D:1)
  3 kobolds
32 creatures vanquished.

Notes
Turn   | Place    | Note
-------+----------+-------------------------------------------
     0 | D:1      | Majorwet the Demonspawn Chaos Knight began the quest for
                  | the Orb.
     0 | D:1      | Reached XP level 1. HP: 18/18 MP: 1/1
   220 | D:1      | Gained mutation: You have sharp toenails. [demonic
                  | ancestry]
   220 | D:1      | Reached XP level 2. HP: 24/24 MP: 2/2
   289 | D:1      | XOM: silly message
   476 | D:1      | XOM: silly message
   497 | D:1      | XOM: noise
   509 | D:1      | Reached XP level 3. HP: 29/29 MP: 3/3
  1109 | D:2      | XOM: noise
  1359 | D:2      | Noticed Sigmund
  1359 | D:2      | XOM: scenery: create altars
  1368 | D:2      | Slain by Sigmund

Illustrated notes

Levels and vault maps discovered:
D:1:      dpeg_arrival_pits, layout_basic, glass_columns_c,
          grunt_decor_mini_mirrors
D:2:      layout_basic, nicolae_gozag_cash_rules_everything_around_me,
          chequers_ecumenical_altar_island, uniq_sigmund

Skill      XL: |  1  2  3 |
---------------+----------+-----
Unarmed Combat | 3 |  3.7
Armour         | 2 |  2.0
Fighting       | |  3.5
Dodging        | |  0.9
Stealth        | |  0.6

Action                   || total
-------------------------++-------
Melee: Unarmed           ||   111
       Kick              ||    20
 Stab: Sleeping          ||     1
Armor: Leather armour    ||    34
Dodge: Dodged            ||    60
